 Dungeon Crawl Stone Soup version 0.28.0-53-g5a82cb258f (webtiles) character file.

Game seed: 15968955829700546486

93 HatHat the Slasher (level 4, -1/35 HPs)
             Began as a Human Berserker on May 24, 2022.
             Was a Believer of Trog.
             Slain by an adder (4 damage)
             ... on level 3 of the Dungeon.
             The game lasted 00:09:51 (2516 turns).

HatHat the Slasher (Human Berserker)                Turns: 2516, Time: 00:09:51

Health: -1/35      AC:  6    Str: 19    XL:     4   Next: 91%
Magic:  4/4        EV: 10    Int:  7    God:    Trog [**....]
Gold:   30         SH:  0    Dex: 13    Spells: 3/3 levels left

rFire   . . .      SeeInvis .   a - +0 falchion
rCold   . . .      Faith    .   (no shield)
rNeg    . . .      Spirit   .   k - +0 scale mail
rPois   .          Reflect  .   (no helmet)
rElec   .          Harm     .   (no cloak)
rCorr   .          Rampage  .   (no gloves)
Will    .....                   (no boots)
Stlth   ..........              (no amulet)
HPRegen 0.11/turn               (no ring)
MPRegen 0.09/turn               (no ring)

@: no status effects
A: no striking features
a: Renounce Religion, Berserk, Trog's Hand


You were on level 3 of the Dungeon.
You worshipped Trog.
Trog was pleased with you.
You visited 1 branch of the dungeon, and saw 3 of its levels.

You collected 105 gold pieces.
You spent 75 gold pieces at shops.

Inventory:

Hand Weapons
 a - a +0 falchion (weapon)
Armour
 f - a scarf of harm
 k - a +0 scale mail (worn)
Scrolls
 b - a scroll of holy word
 g - a scroll of summoning {unknown}
Potions
 c - 2 potions of curing
 d - a potion of mutation {unknown}
 e - a potion of invisibility {unknown}


   Skills:
 + Level 3.4 Fighting
 + Level 4.3 Long Blades
 + Level 2.3 Armour
 + Level 2.4 Dodging
 + Level 0.7 Stealth


You had 3 spell levels left.
You didn't know any spells.
Your spell library was empty.

Dungeon Overview and Level Annotations

Branches:
Dungeon (3/15)

Altars:

Shops:
D:2 ?


Message History

The quokka closely misses you.
The jackal bites you but does no damage.
The jackal completely misses you. The quokka closely misses you.
You slash the quokka!
You kill the quokka!
Trog accepts your kill. The jackal misses you. The jackal barely misses you. x2
The adder barely misses you.
You closely miss the adder. The jackal barely misses you. x2
The adder bites you. The jackal bites you. The jackal barely misses you.
You slash the jackal!
You kill the jackal!
Trog accepts your kill.
The jackal bites you but does no damage.
The adder bites you.
* * * LOW HITPOINT WARNING * * *
The jackal barely misses you. The adder bites you but does no damage.
The jackal bites you but does no damage.
The adder bites you but does no damage.
You see here a jackal corpse.
You closely miss the jackal. The jackal misses you. The adder bites you.
* * * LOW HITPOINT WARNING * * *
The adder closely misses you.
The jackal bites you but does no damage.
The adder completely misses you.
The jackal bites you but does no damage.
The adder closely misses you.
A dart slug comes into view.
The dart slug launches a dart at you. The slug dart misses you.
The adder closely misses you. The dart slug launches a dart at you.
The slug dart misses you.
The slug dart hits the adder.
The dart slug completely misses you.
You hit the dart slug.
The dart slug is heavily wounded.
The adder bites you.
* * * LOW HITPOINT WARNING * * *
The dart slug bites you but does no damage.
The adder bites you.
You die...

#.. #.# #.# #.#
#.# #.# #####
#w#.##...# #@#
.....# #S# #... #
#h# #.#######...
#.#####.††........
#........†......#
#################


You could see an adder, a dart slug and a jackal.

Vanquished Creatures
  A gnoll (D:1)
  3 adders (D:2)
  5 ball pythons
  7 bats
  5 endoplasms
  5 giant cockroaches (D:1)
  4 hobgoblins (D:1)
  6 jackals
  3 kobolds
  A quokka (D:3)
  5 frilled lizards
  3 goblins (D:2)
  5 rats
53 creatures vanquished.

Notes
Turn   | Place    | Note
-------+----------+-------------------------------------------
     0 | D:1      | HatHat the Human Berserker began the quest for the Orb.
     0 | D:1      | Reached XP level 1. HP: 18/18 MP: 1/1
   478 | D:1      | Reached XP level 2. HP: 15/24 MP: 2/2
   960 | D:1      | Reached XP level 3. HP: 26/29 MP: 3/3
  1213 | D:1      | Found a faded altar of an unknown god.
  1712 | D:2      | Reached skill level 4 in Long Blades
  1713 | D:2      | Reached XP level 4. HP: 25/35 MP: 4/4
  1724 | D:2      | Reached ** piety under Trog
  1915 | D:2      | Found Moer's Magic Scroll Shop.
  1925 | D:2      | Bought a scroll of holy word for 75 gold pieces
  2516 | D:3      | Slain by an adder

Illustrated notes

Levels and vault maps discovered:
D:1:      dpeg_arrival_circle_labyrinth_a, layout_loops_ring,
          shapermc_ecumenical_altar_pompeii, corexii_hall_statues_s,
          nrook_mini_backslash, dk_noncrumbling_2, minmay_heptomino_h4
D:2:      layout_rooms, serial_shops, nicolae_shop_stone,
          nicolae_concentric_dashed_squares_wild, dk_noncrumbling_3, minivault_5
D:3:      layout_loops_ring, serial_shops,
          nicolae_shop_competitors_out_of_business, chequers_avenue,
          uniq_sigmund

Skill      XL: |  1  2  3 |
---------------+----------+-----
Long Blades    | 4 |  4.3
Fighting       | |  3.4
Armour         | |  2.3
Dodging        | |  2.4
Stealth        | |  0.7

Action                   |  1- 3 |  4- 6 || total
-------------------------+-------+-------++-------
Melee: Falchion          |   114 |    63 ||   177
       Punch             |     3 |     1 ||     4
  Use: Potion            |     4 |       ||     4
       Scroll            |     2 |       ||     2
 Stab: Sleeping          |     2 |       ||     2
Armor: Robe              |    22 |       ||    22
       Scale mail        |    25 |    45 ||    70
Dodge: Dodged            |   121 |    66 ||   187
